 Dungeon Crawl Stone Soup version 0.14-a0-1029-g9530a8b (webtiles) character file.

1060 Aelig the Basher (level 8, 0/48 HPs)
             Began as a Gargoyle Fighter on Nov 23, 2013.
             Killed by divine providence
             ... invoked by an orc priest
              (14 damage)
             ... on Level 5 of the Dungeon.
             The game lasted 00:09:53 (3127 turns).

Aelig the Basher (Gargoyle Fighter)                 Turns: 3127, Time: 00:09:53

HP   0/48        AC 13     Str 21      XL: 8   Next:  0%
MP  16/16        EV  6     Int  9      God:
Gold 214         SH 18     Dex 10      Spells:  0 memorised,  7 levels left

Res.Fire  : . . .   See Invis. : .   a - +0 mace
Res.Cold  : . . .   Warding    : .   b - +0 scale mail
Life Prot.: + . .   Conserve   : .   c - +0 shield
Res.Poison: +       Res.Corr.  : .   (no helmet)
Res.Elec. : +       Clarity    : .   (no cloak)
Sust.Abil.: . .     Spirit.Shd : .   g - +0 pair of gauntlets
Res.Mut.  : .       Stasis     : .   (no boots)
Res.Rott. : +       Flight     : .   (no amulet)
Saprovore : . . .                    x - ring of magical power
                                     (no ring)

@: slightly resistant to hostile enchantments, extremely unstealthy
A: life protection 1, electricity resistance, unbreathing, petrification
resistance, AC +5
a: no special abilities


You were on level 5 of the Dungeon.
You were not hungry.

You visited 1 branch of the dungeon, and saw 5 of its levels.

You collected 214 gold pieces.

Inventory:

Hand weapons
 a - a +0,+0 mace (weapon)
 y - a +2,+0 whip of draining
Armour
 b - a +0 scale mail (worn)
 c - a +0 shield (worn)
 g - a +0 pair of gauntlets (worn)
Magical devices
 G - a wand of polymorph (0)
Comestibles
 d - 3 bread rations
 f - a choko
 p - an apple
 t - 11 strawberries
 z - 2 pears
 F - a rotting chunk of worm flesh
Scrolls
 e - 4 scrolls of identify {unknown}
 h - 4 scrolls of remove curse {unknown}
 i - 2 scrolls of enchant armour {unknown}
 j - a scroll of blinking {unknown}
 l - 2 scrolls of enchant weapon I {unknown}
 o - a scroll of curse jewellery {unknown}
 q - a scroll of curse weapon {unknown}
 r - a scroll of amnesia {unknown}
 s - a scroll of recharging {unknown}
 B - 2 scrolls of enchant weapon II {unknown}
Jewellery
 w - an uncursed ring of sustenance
 x - a ring of magical power (right hand)
Potions
 k - a potion of resistance {unknown}
 m - 3 potions of speed {unknown}
 n - 3 potions of might {unknown}
 u - a potion of poison {unknown}
 v - a potion of agility {unknown}
 C - a potion of berserk rage {unknown}
 E - a potion of cure mutation {unknown}
Books
 A - a book of Wizardry

   Spells                             Type                      Level
   Summon Elemental                   Summoning                    4
   Agony                              Necromancy                   5
   Force Lance                        Conjuration                  5
   Fireball                           Conjuration/Fire             5
   Haste                              Charms                       6
   Invisibility                       Hexes                        6
Magical staves
 D - an uncursed staff of power


   Skills:
 - Level 3.2 Fighting
 + Level 9.7 Maces & Flails
 - Level 3.2 Armour
 - Level 3.2 Shields


You had 7 spell levels left.
You didn't know any spells.

Dungeon Overview and Level Annotations

Branches:
Dungeon (5/16)
 Temple: D:4-7

Altars:


Innate Abilities, Weirdness & Mutations

You are resistant to torment.
You are immune to poison.
Your stone body is very resilient (AC +5).
You resist negative energy.
You are resistant to electric shocks.
You can survive without breathing.
You are immune to petrification.


Message History

* * * LOW HITPOINT WARNING * * *
The orc hits you but does no damage.
You closely miss the orc priest.
The orc priest is almost dead.
The orc priest calls upon Beogh to heal the orc priest.
The orc priest is healed somewhat.
You block the orc's attack.
You hit the orc priest.
The orc priest is almost dead.
The orc priest hits you but does no damage.
The orc hits you but does no damage.
You sock the orc priest!
You kill the orc priest!
You have reached level 8!
You feel clever. The orc priest barely misses you. The orc barely misses you.
You hit the orc priest.
The orc priest is moderately wounded.
The orc priest invokes the aid of Beogh against you.
Something smites you!
You die...

#.# #.### #.# .# #.#
.# #.### .. #...# #+#
###.# #...##
######.### #.....##
#...%oo..# #.......##
#.###@)..###.........#
#.##.......+.....(...'
#.###....###.........#
#........# #.......##
#####.#### ##.....##
#.# ##...## #.# ##'##
#.# #.# #.# ##.#####


You could see an orc priest and an orc.

Vanquished Creatures
  Grinder (D:5)
  An ogre (D:4)
  A black bear (D:4)
  A giant frog (D:3)
  A crimson imp (D:3)
  An orc priest (D:5)
  2 iguanas
  An orc wizard (D:4)
  A hound skeleton (D:4)
  12 adders
  A giant mite (D:4)
  5 worms
  2 giant geckos (D:1)
  An ooze (D:1)
  12 orcs
  4 giant cockroaches
  6 hobgoblins
  A jackal (D:2)
  7 bats
  5 giant newts
  10 goblins
  7 kobolds
  4 quokkas
  3 rats
90 creatures vanquished.

Notes
Turn   | Place    | Note
--------------------------------------------------------------
     0 | D:1      | Aelig, the Gargoyle Fighter, began the quest for the Orb.
     0 | D:1      | Reached XP level 1. HP: 14/14 MP: 0/0
   187 | D:1      | Reached XP level 2. HP: 19/19 MP: 1/1
   695 | D:2      | Reached XP level 3. HP: 24/24 MP: 2/2
   832 | D:2      | Reached skill level 4 in Maces & Flails
  1104 | D:3      | Reached XP level 4. HP: 28/28 MP: 3/3
  1215 | D:3      | Reached skill level 5 in Maces & Flails
  1347 | D:3      | Noticed a giant frog
  1356 | D:3      | Killed a giant frog
  1356 | D:3      | Reached skill level 6 in Maces & Flails
  1356 | D:3      | Reached XP level 5. HP: 29/33 MP: 4/4
  1468 | D:3      | Reached XP level 6. HP: 35/38 MP: 5/5
  1743 | D:4      | Reached skill level 7 in Maces & Flails
  2262 | D:4      | Reached skill level 8 in Maces & Flails
  2262 | D:4      | Reached XP level 7. HP: 39/42 MP: 6/6
  2742 | D:5      | Entered Level 5 of the Dungeon
  2967 | D:5      | Noticed Grinder
  2984 | D:5      | Paralysed by Grinder for 4 turns
  2994 | D:5      | Killed Grinder
  2994 | D:5      | Reached skill level 9 in Maces & Flails
  3126 | D:5      | Reached XP level 8. HP: 14/48 MP: 7/7
  3127 | D:5      | Killed from afar by an orc priest

Action                   |  1- 3 |  4- 6 |  7- 9 || total
-------------------------+-------+-------+-------++-------
Melee: Mace              |   115 |   208 |    85 ||   408
       Unarmed           |       |       |     7 ||     7
  Use: Scroll            |       |       |     1 ||     1
